Unix NetHack Version 5.0.0-0 post-release - last build May  4 2026 22:22:43 (774f63e81ad911689b3a0859ea89b322d5daca8d,branch:main).

Game began 2026-05-08 13:44:25, ended 2026-05-08 21:57:57.

Ch3Begorrah, chaotic male human Rogue

     ---------
     |.......|       -------    ----------                -----
     |.......|      #......|####.........|                ....|
     |.......-#     #|......####|.........                |...|
     -------.-#     #|.....|   #...>.....|             ###-.d.|
         ######     #-------    |........|           ###  -----
        ##   ##     ###         .........|      #@#  #
        #    ##       ##        -|--------        o ##
       ##    #0###     #         ###              ###
      ##    ##   ##    #           #              ##
      #     #-----.----#           #######         ####
      #     #.........|#                 #       ###  #  -----------
     ##      |........|##           -----.---    #    ###|.........|
  ---|--  0##.........|#            |...>....#####      #-....]...+|
  |....-###  |........|#            |.......|            |........]|
  |....|     |...<.....#            |.......|            -----------
  |....|     ----------             ---------
  ------

Ch3Begorrah the Footpad  St:12 Dx:16 Co:13 In:15 Wi:11 Ch:8  Chaotic
Dlvl:2  $:64 HP:0(12) Pw:2(2) AC:7  Xp:1 T:891 

Latest messages:
 "For you, esteemed sir; only 200 zorkmids for this amulet of magical breathing."
 z - a blessed amulet of magical breathing (unpaid, 200 zorkmids).
 You drop a thick spellbook (unpaid, 533 zorkmids).
 "For you, honored sir; only 9 zorkmids for this carrot."
 G - a carrot (unpaid, 9 zorkmids).
 "For you, most gracious sir; only 60 zorkmids for this food ration."
 v - a food ration (unpaid, 60 zorkmids).
 The grid bug just misses!
 You miss the grid bug.
 The grid bug bites!
 You get zapped!
 You hit the grid bug.
 The grid bug misses!
 You kill the grid bug!
 You kill the grid bug!
 What do you want to drop? [$b-hjl-pt-vzGJ or ?*] z
 You drop a blessed amulet of magical breathing (unpaid, 200 zorkmids).
 You bought a food ration for 60 gold pieces.
 You bought a carrot for 9 gold pieces.
 "Thank you for shopping in Hebiwerie's general store!"
 You hear the footsteps of a guard on patrol.
 What do you want to throw? [$h or ?*] J
 In what direction? n
 The kitten catches the tripe ration.
 Your kitten eats a tripe ration.
 The kitten picks up a blessed amulet of magical breathing.
 The kitten drops a blessed amulet of magical breathing.
 "Hello, Ch3Begorrah!  Welcome again to Hebiwerie's general store!"
 The kitten picks up a blessed amulet of magical breathing.
 The goblin thrusts her orcish dagger.
 The goblin hits!
 In what direction? y
 The dagger misses the goblin.
 The goblin thrusts her orcish dagger.
 The goblin hits!
 The kitten drops a blessed amulet of magical breathing.
 The kitten bites the goblin.
 The kitten misses the goblin.
 "Hello, Ch3Begorrah!  Welcome again to Hebiwerie's general store!"
 The kitten picks up a blessed amulet of magical breathing.
 The kitten drops a blessed amulet of magical breathing.
 There is an open door here.
 You see here a blessed amulet of magical breathing.
 z - a blessed amulet of magical breathing.
 It misses the goblin.
 It misses the goblin.
 The goblin thrusts her dagger.
 The goblin hits!
 You die...
 Do you want your possessions identified? [ynq] (y) q

Inventory:
 Coins    ('$')
  $ - 64 gold pieces
 Amulets  ('"')
  z - a blessed amulet of magical breathing
 Weapons  (')')
  b - a +0 dagger (weapon in right hand)
  h - 8 +0 daggers (at the ready)
 Armor    ('[')
  c - an uncursed +1 leather armor (being worn)
 Comestibles  ('%')
  o - an uncursed slime mold
  G - an uncursed carrot
  n - an uncursed cram ration
  p - 2 uncursed food rations
  v - an uncursed food ration
  J - an uncursed tripe ration
 Scrolls  ('?')
  u - 2 uncursed scrolls of identify
 Potions  ('!')
  l - an uncursed potion of blindness named okl
  j - an uncursed potion of healing
  d - an uncursed potion of sickness
  t - 2 uncursed potions of water
 Rings    ('=')
  m - an uncursed ring of invisibility named ok
 Tools    ('(')
  f - an uncursed sack containing 1 item
  g - an uncursed blindfold
  e - an uncursed lock pick

Contents of the sack:
  a potion of unholy water

Ch3Begorrah the Rogue's attributes:

Background:
 You were a Footpad, a level 1 male human Rogue.
 You were chaotic, on a mission for Kos
 who was opposed by Issek (lawful) and Mog (neutral).
 You were right-handed.
 You were in the Dungeons of Doom, on level 2.
 You entered the dungeon 891 turns ago.
 You had 15 experience points, 5 more were needed to attain level 2.

Basics:
 You had 0 out of 12 hit points.
 You had both energy points (spell power).
 Your armor class was 7.
 Your wallet contained 64 zorkmids.
 Autopickup was on for '$!/(' plus thrown, with exceptions.

Final Characteristics:
 Your strength was 12 (limit:18/100).
 Your dexterity was 16 (limit:18).
 Your constitution was 13 (limit:18).
 Your intelligence was 15 (limit:18).
 Your wisdom was 11 (limit:18).
 Your charisma was 8 (limit:18).

Final Status:
 You weren't hungry.
 You were unencumbered.
 You were wielding a dagger.
 You had basic skill with dagger.

Final Attributes:
 You were fervently aligned.
 You were stealthy.
 You were warded.
 You are dead.

Miscellaneous:
 You didn't encounter any bones levels.
 Total elapsed playing time was 13 minutes and 30 seconds.

Major events:
 Turn
    1: Ch3Begorrah the chaotic male human Rogue entered the dungeon
  383: entered the Gnomish Mines
  891: killed by a goblin

You didn't know any spells.

Skills:
 Fighting Skills
   bare handed combat [Unskilled]
   two weapon combat  [Unskilled]
   riding             [Unskilled]
 Weapon Skills
   dagger             [Basic]
   knife              [Unskilled]
   short sword        [Basic]
   broadsword         [Unskilled]
   long sword         [Unskilled]
   two-handed sword   [Unskilled]
   saber              [Unskilled]
   club               [Unskilled]
   mace               [Unskilled]
   morning star       [Unskilled]
   flail              [Unskilled]
   hammer             [Unskilled]
   polearms           [Unskilled]
   spear              [Unskilled]
   crossbow           [Unskilled]
   dart               [Unskilled]
   shuriken           [Unskilled]
 Spellcasting Skills
   divination spells  [Unskilled]
   escape spells      [Unskilled]
   matter spells      [Unskilled]

Voluntary challenges:
 Character rerolling was not enabled.
 You followed a strict vegan diet.
 You were an atheist.
 You never genocided any monsters.
 You never polymorphed an object.
 You never changed form.
 You used no wishes.
Achievements:
 You entered the Gnomish Mines.
 You entered a shop.

 The Dungeons of Doom: levels 1 to 3
    Level 1:
    Level 2: <- You were here.
       A general store.
       Stairs down to The Gnomish Mines.
       Final resting place for
          you, killed by a goblin.
    Level 3:
 The Gnomish Mines:
    Level 3:


Vanquished creatures:
  5 grid bugs
  2 lichens
  a kobold zombie
  2 newts
10 creatures vanquished.

No species were genocided or became extinct.

Game over:
                       ----------
                      /          \
                     /    REST    \
                    /      IN      \
                   /     PEACE      \
                  /                  \
                  |   Ch3Begorrah    |
                  |      64 Au       |
                  |   killed by a    |
                  |      goblin      |
                  |                  |
                  |                  |
                  |       2026       |
                 *|     *  *  *      | *
        _________)/\\_//(\/(/\)/\//\/|_)_______

Goodbye Ch3Begorrah the Rogue...

You died in The Dungeons of Doom on dungeon level 2 with 228 points,
and 64 pieces of gold, after 891 moves.
You were level 1 with a maximum of 12 hit points when you died.

